 Dungeon Crawl Stone Soup version 0.24-a0-584-g9d6b971ae4 (webtiles) character file.

Game seed: 8737459320529759376, levelgen mode: deterministic

378 Hydrazo the Poker (level 6, -2/48 HPs)
             Began as a Merfolk Gladiator on Sept 1, 2019.
             Was an Initiate of Gozag.
             Slain by a worker ant (6 damage)
             ... on level 7 of the Dungeon.
             The game lasted 00:13:50 (2836 turns).

Hydrazo the Poker (Merfolk Gladiator)               Turns: 2836, Time: 00:13:51

Health: -2/48      AC:  5    Str: 17    XL:     6   Next: 74%
Magic:  6/6        EV: 15    Int:  7    God:    Gozag
Gold:   121        SH:  0    Dex: 15    Spells: 5/5 levels left

rFire    + . .     SeeInvis .   a - +0 trident
rCold    + . .     Gourm    .   (no shield)
rNeg     . . .     Faith    .   b - +0 leather armour
rPois    +         Spirit   .   c - +0 helmet
rElec    +         Reflect  .   (no cloak)
rCorr    +         Harm     .   p - +0 pair of gloves
MR       .....                  (no boots)
Stlth    +.........             (no amulet)
HPRegen  0.16/turn              (no ring)
MPRegen  0.10/turn              (no ring)

@: lethally poisoned (-2 -> -4), resistant
A: change form in water, swift swim, stealthy swim
a: Potion Petition, Call Merchant, Bribe Branch, Renounce Religion


You were on level 7 of the Dungeon.
You worshipped Gozag.
Gozag was aware of your devotion.
You were not hungry.

You visited 1 branch of the dungeon, and saw 5 of its levels.

You collected 149 gold pieces.
You paid 28 gold pieces to Gozag.

Inventory:

Hand Weapons
 a - a +0 trident (weapon)
Armour
 b - a +0 leather armour (worn)
 c - a +0 helmet (worn)
 p - a +0 pair of gloves (worn)
Scrolls
 g - a scroll of fog
 h - a scroll of teleportation
 n - 2 scrolls of remove curse
 o - 2 scrolls of noise
 r - a scroll of amnesia {unknown}
Potions
 i - a potion of magic {unknown}
 j - 2 potions of might
 k - a potion of lignification {unknown}
 l - a potion of degeneration {unknown}
 m - a potion of invisibility {unknown}
Comestibles
 f - 6 rations


   Skills:
 + Level 4.1 Fighting
 + Level 6.6 Polearms
 - Level 2.1 Throwing
 + Level 2.0 Armour
 + Level 5.9 Dodging


You had 5 spell levels left.
You didn't know any spells.
Your spell library was empty.

Dungeon Overview and Level Annotations

Branches:
Dungeon (4/15)             Temple (0/1) D:4

Altars:
Ashenzari
Dithmenos
Gozag
Makhleb

Shops:
D:4 [


Message History

* * * LOW HITPOINT WARNING * * *
You are poisoned.
The worker ant poisons you!
You hit the kobold.
You kill the kobold!
You feel sick. The worker ant misses you.
A kobold comes into view. It is carrying a wand of flame (18).
The kobold shouts!
The worker ant bites you.
* * * LOW HITPOINT WARNING * * *
A big kobold comes into view.
A kobold comes into view. It is wielding a +0 dagger.
Found a stone staircase leading up.
Things that are here:
6 gold pieces; a +0 whip It was a potion of resistance.
You feel protected.
You feel sick. The worker ant bites you.
You die...
Your body crumbles into a pile of gold.

#. .# ##.
......# .. ..
$
K.#.....#.#..
...... .#.h.
K.....# ....
.K..... ..#
.._.... #.##
.......###..##
.......@.....#
.......a.##..#
...#..##$(...#
. #.# #######
#< #


You could see a big kobold (wandering), a worker ant and 2 kobolds.

Vanquished Creatures
  An ogre (D:4)
  A crimson imp (D:3)
  A hound (D:7)
  A bullfrog skeleton (D:3)
  2 worker ants (D:2)
  7 adders
  2 oozes
  3 worms
  A dart slug (D:2)
  2 leopard geckos (D:2)
  3 orcs (D:3)
  4 giant cockroaches
  9 goblins
  8 hobgoblins
  4 jackals (D:2)
  A ball python (D:3)
  8 bats
  4 frilled lizards
  11 kobolds
  A leopard gecko skeleton (D:4)
  5 rats
79 creatures vanquished.

Notes
Turn   | Place    | Note
-------+----------+-------------------------------------------
     0 | D:1      | Hydrazo the Merfolk Gladiator began the quest for the Orb.
     0 | D:1      | Reached XP level 1. HP: 16/16 MP: 1/1
    84 | D:1      | Reached XP level 2. HP: 23/23 MP: 2/2
   421 | D:1      | Reached skill level 5 in Polearms
   565 | D:2      | Reached XP level 3. HP: 28/28 MP: 3/3
  1067 | D:2      | Reached XP level 4. HP: 14/34 MP: 4/4
  1441 | D:2      | Reached skill level 1 in Armour
  1442 | D:2      | Reached skill level 5 in Dodging
  1587 | D:2      | Reached XP level 5. HP: 32/41 MP: 5/5
  2041 | D:3      | Reached skill level 6 in Polearms
  2147 | D:3      | Found an opulent altar of Gozag.
  2153 | D:3      | Became a worshipper of Gozag Ym Sagoz the Greedy
  2195 | D:3      | Reached XP level 6. HP: 48/48 MP: 6/6
  2721 | D:4      | Found Idioco's Antique Armour Boutique.
  2758 | D:4      | Found a shattered altar of Ashenzari.
  2760 | D:4      | Found a shadowy altar of Dithmenos.
  2796 | D:4      | You fall into a shaft and drop 3 floors!
  2820 | D:7      | Found a burning altar of Makhleb.
  2836 | D:7      | Slain by a worker ant

Levels and vault maps discovered:
D:1:      dpeg_arrival_renting, layout_rooms, minivault_19, minmay_tromino_v4_c
D:2:      layout_rooms
D:3:      layout_loops_cross, grunt_gozag_statues
D:4:      layout_rooms, minitemple, chequers_temple_overflow_statue_of_worship,
          minmay_temple_entry_nine_rooms, serial_shops,
          nicolae_shop_competitors_out_of_business, nicolae_ossuary_entry_plus,
          uniq_crazy_yiuf_cottage, uniq_eustachio, uniq_grinder
D:7:      layout_rooms, nicolae_qazlal_eye_of_the_storm, kennysheep_mini_moat,
          basic_altar

Skill      XL: |  1  2  3  4  5  6 |
---------------+-------------------+-----
Polearms       | 5 6 |  6.6
Fighting       | 3 4 |  4.1
Armour         | 1 2 |  2.0
Dodging        | 5 |  5.9
Throwing       | |  2.1

Action                   |  1- 3 |  4- 6 || total
-------------------------+-------+-------++-------
Melee: Trident           |   127 |   190 ||   317
Throw: Throwing net      |     3 |     4 ||     7
  Use: Potion            |     3 |     1 ||     4
       Scroll            |       |     5 ||     5
 Stab: Held in net/web   |       |     2 ||     2
       Sleeping          |       |     2 ||     2
  Eat: Chunk             |     1 |     4 ||     5
       Ration            |       |     1 ||     1
Armor: Leather armour    |    28 |    38 ||    66
Dodge: Dodged            |    72 |   121 ||   193

Table legend:
 A = Non-vault XP
 B = Vault XP
 C = Vault XP percentage of total XP
 D = Non-vault monster count
 E = Vault monster count
 F = Vault count percentage of total count
                 A         B        C        D         E       F
            +---------+---------+-------+---------+---------+-------
      Total |     536 |       4 |   0.7 |      77 |       2 |   2.5
            +---------+---------+-------+---------+---------+-------
        D:1 |      28 |       4 |  12.5 |      17 |       2 |  10.5
        D:2 |     135 |       0 |   0.0 |      30 |       0 |   0.0
        D:3 |     190 |       0 |   0.0 |      23 |       0 |   0.0
        D:4 |     139 |       0 |   0.0 |       5 |       0 |   0.0
        D:7 |      44 |       0 |   0.0 |       2 |       0 |   0.0
            +---------+---------+-------+---------+---------+-------
